 Dungeon Crawl Stone Soup version 0.18-a0-1285-g60d00e1 (webtiles) character file.

145 vatarom the Chucker (level 5, 0/50 HPs)
             Began as an Ogre Hunter on Feb 8, 2016.
             Slain by a river rat (2 damage)
             ... summoned by Duffy's ghost
             ... on level 3 of the Dungeon.
             The game lasted 00:04:55 (2315 turns).

vatarom the Chucker (Ogre Hunter)                   Turns: 2315, Time: 00:04:55

Health: 0/50       AC:  3    Str: 17    XL:     5   Next: 27%
Magic:  5/5        EV: 11    Int: 10    God:
Gold:   92         SH:  0    Dex: 11    Spells: 0 memorised, 4 levels left

rFire  . . .     SeeInvis +     g - +1 dagger (venom)
rCold  . . .     Gourm    .     b - +0 robe
rNeg   . . .     Faith    .     (no shield)
rPois  .         Spirit   .     (helmet restricted)
rElec  .         Dismiss  .     (no cloak)
rCorr  .         Reflect  .     (gloves unavailable)
SustAt .         Harm     .     (boots unavailable)
MR     .....     Rnd*Tele +     (no amulet)
Stlth  +.........               i - ring of see invisible
                                n - ring of teleportation (curse)

@: not resistant to hostile enchantments, very unstealthy
A: unfitting armour, mutation resistance 1, tough skin 1
a: no special abilities


You were on level 3 of the Dungeon.
You were not hungry.

You visited 1 branch of the dungeon, and saw 3 of its levels.

You collected 92 gold pieces.

Inventory:

Hand Weapons
 a - a +0 short sword
 g - a +1 dagger of venom (weapon)
 h - a +0 club
Missiles
 c - a large rock (quivered)
Armour
 b - a +0 robe (worn)
Jewellery
 i - a ring of see invisible (right hand)
 n - a cursed ring of teleportation (left hand)
Scrolls
 k - 2 scrolls of identify
Comestibles
 f - 2 bread rations


   Skills:
 - Level 2.6 Fighting
 + Level 4.0 Maces & Flails
 - Level 4.3 Throwing
 + Level 3.4 Dodging
 - Level 0.7 Stealth


You had 4 spell levels left.
You didn't know any spells.

Dungeon Overview and Level Annotations

Branches:
Dungeon (3/15)

Altars:
Ashenzari

Annotations:
D:3 Duffy's ghost, amateur DESu


Innate Abilities, Weirdness & Mutations

You are too large for most types of armour.
You have tough skin (AC +1).
You are somewhat resistant to further mutation.


Message History

Read which item? (? for menu, Esc to quit)
As you read the scroll labeled GUAFONLEUT, it crumbles to dust.
You assume a fearsome visage.
The river rat looks frightened!
The bat looks frightened!
Duffy's ghost is unaffected.
The bat looks frightened!
It was a scroll of fear.
You kill the river rat!
The river rat's corpse disappears in a puff of smoke!
Duffy's ghost mumbles some strange words.
Duffy's ghost hits you.
* * * LOW HITPOINT WARNING * * *
The river rat closely misses you.
You hit the river rat but do no damage.
The river rat is poisoned.
Duffy's ghost barely misses you.
The river rat bites you but does no damage.
You hit the river rat.
The river rat looks even sicker.
The river rat is lightly wounded.
Duffy's ghost barely misses you. The crimson imp puffs mist at you.
The river rat bites you.
You die...

...........# ####
#.. ..5........# #
#.. #....b..r.#.# ..
#...........#
########....###
#.....br...>....
#####.######.#......
#.....#.bW.#........
#.#...#.##@###.#.#.#
#.#...#.##r#<#.#...#
#.#.#.#r##.#.# # #.#
#..Wr.#.##.#.# ..
###r###.##.#.#
#5#.W..#.#.#
#b#.####.#.# #.#.#
#..†# #.r.# #####


You could see Duffy's ghost, a river rat and a bat.

Vanquished Creatures
  Terence (D:2)
  2 adders (D:2)
  5 gnolls (D:2)
  An ooze (D:1)
  An orc (D:2)
  2 ball pythons
  A giant cockroach (D:1)
  14 goblins
  4 hobgoblins
  8 kobolds
  6 bats
  4 giant newts
  2 rats
51 creatures vanquished.

Notes
Turn   | Place    | Note
--------------------------------------------------------------
     0 | D:1      | vatarom the Ogre Hunter began the quest for the Orb.
     0 | D:1      | Reached XP level 1. HP: 22/22 MP: 1/1
    83 | D:1      | Reached XP level 2. HP: 23/29 MP: 2/2
   113 | D:1      | Reached skill level 1 in Maces & Flails
   118 | D:1      | HP: 1/29 [ooze (4)]
   620 | D:1      | Reached XP level 3. HP: 33/36 MP: 3/3
   985 | D:2      | Found a faded altar to an unknown god.
  1348 | D:2      | Reached XP level 4. HP: 20/44 MP: 4/4
  1697 | D:2      | Noticed Terence
  1711 | D:2      | Killed Terence
  1768 | D:2      | Reached XP level 5. HP: 26/50 MP: 5/5
  2057 | D:2      | Found a shattered altar of Ashenzari.
  2243 | D:3      | Gained mutation: You are somewhat resistant to further mutation. [potion of mutation]
  2250 | D:3      | Noticed Duffy's ghost (amateur DESu)
  2313 | D:3      | HP: 1/50 [Duffy's ghost (2)]
  2315 | D:3      | Slain by a river rat

Vault maps used:
D:1:      mushboom_english_gardens
D:2:      ashenzari_altar_1, ecumenical_altar_2, uniq_terence
D:3:      old_standard_altar, minmay_statues_item

Action                   |  1- 3 |  4- 6 || total
-------------------------+-------+-------++-------
Melee: Dagger            |    80 |    83 ||   163
       Short sword       |     3 |       ||     3
Throw: Large rock        |     5 |     5 ||    10
       Throwing net      |       |     4 ||     4
  Use: Potion            |     2 |     4 ||     6
       Scroll            |       |     5 ||     5
 Stab: Sleeping          |       |     2 ||     2
  Eat: Bread ration      |     1 |       ||     1
       Pizza             |     1 |       ||     1
